Map: Romanticide LE

Players

TeebuL

  • Race: Protoss Protoss
  • League: Gold

Probe - Winner!

  • Race: Protoss Protoss

Event: DreamHack SC2 Masters 2021 Summer

VOD

Have the link to the VOD?

Description

Time

  • Played on: May 22, 2021, 6:31 a.m.
  • Length: 14:28

All games in this series

Show
View Real Time Build Order
Export as new Build Order

TeebuL Protoss 

Build Orders: Oracle Opening 

Get SALT Encoding   

  12  0:00  Probe  
  13  0:12  Probe  
  14  0:17  Pylon  
  14  0:24  Probe (Chrono Boost)  
  15  0:36  Probe (Chrono Boost), Gateway  
  16  0:44  Probe (Chrono Boost)  
  16  0:46  Assimilator  
  17  0:51  Probe  
  17  0:54  Assimilator  
  18  1:03  Probe  
  19  1:06  Gateway  
  19  1:15  Probe (Chrono Boost)  
  20  1:25  Cybernetics Core, Probe (Chrono Boost)  
  21  1:29  Probe (Chrono Boost)  
  22  1:34  Pylon  
  22  1:41  Probe  
  23  1:54  Gateway  
  23  2:02  Stalker  
  23  2:03  Stalker  
  23  2:04  Warp Gate (Chrono Boost)  
  27  2:14  Pylon  
  27  2:32  Stalker  
  27  2:33  Stalker  
  32  2:45  Probe  
  33  2:54  Stargate  
  33  3:03  Shield Battery  
  31  3:17  Nexus  
  31  3:21  Probe (Chrono Boost)  
  31  3:26  Shield Battery  
  32  3:32  Probe (Chrono Boost)  
  33  3:37  Oracle  
  33  3:39  Probe  
  37  3:50  Pylon  
  37  3:53  Probe  
  38  3:57  Twilight Council  
  38  4:05  Probe  
  39  4:10  Adept  
  39  4:11  Adept  
  39  4:13  Sentry  
  45  4:19  Probe  
  46  4:31  Probe  
  46  4:34  Stalker  
  46  4:35  Probe  
  46  4:38  Blink (Chrono Boost)  
  48  4:44  Probe (Chrono Boost)  
  47  4:49  Probe (Chrono Boost)  
  47  4:56  Probe (Chrono Boost)  
  46  5:04  Stalker  
  46  5:05  Probe x2 (Chrono Boost)  
  49  5:07  Stalker x2  
  49  5:13  Probe x2 (Chrono Boost)  
  55  5:22  Pylon  
  55  5:28  Probe (Chrono Boost)  
  57  5:29  Probe (Chrono Boost)  
  57  5:31  Forge  
  57  5:35  Probe (Chrono Boost)  
  57  5:36  Probe  
  59  5:44  Stalker x2  
  59  5:47  Probe  
  64  5:50  Stalker  
  64  5:56  Robotics Facility  
  66  5:58  Assimilator  
  66  6:04  Probe  
  66  6:07  Probe  
  66  6:09  Pylon  
  68  6:12  Protoss Ground Weapons Level 1 (Chrono Boost)  
  68  6:16  Probe  
  69  6:22  Nexus  
  69  6:25  Pylon  
  69  6:26  Probe  
  70  6:35  Probe  
  70  6:38  Stalker  
  70  6:39  Stalker  
  75  6:40  Probe  
  75  6:46  Observer  
  77  6:50  Probe, Gateway  
  77  6:51  Gateway  
  78  6:59  Stalker  
  80  7:01  Probe  
  80  7:05  Probe  
  80  7:06  Assimilator  
  80  7:08  Pylon  
  82  7:13  Probe  
  83  7:17  Probe  
  83  7:20  Stalker  
  83  7:22  Pylon  
  86  7:26  Probe  
  86  7:29  Probe  
  88  7:32  Dark Shrine  
  88  7:34  Pylon  
  88  7:36  Probe (Chrono Boost)  
  89  7:38  Probe (Chrono Boost), Gateway  
  89  7:40  Gateway  
  91  7:49  Probe (Chrono Boost)  
  91  7:50  Immortal (Chrono Boost), Probe (Chrono Boost)  
  96  7:54  Probe (Chrono Boost)  
  96  7:59  Stalker x2, Probe (Chrono Boost)  
  96  8:00  Probe x2 (Chrono Boost)  
  102  8:09  Probe  
  103  8:22  Probe, Observer  
  103  8:23  Probe  
  103  8:25  Assimilator  
  103  8:26  Warp Prism (Chrono Boost)  
  107  8:27  Pylon, Stalker x2, Shield Battery  
  107  8:29  Protoss Ground Weapons Level 2 (Chrono Boost)  
  107  8:33  Shadow Stride (Chrono Boost)  
  111  8:35  Probe  
  111  8:38  Assimilator, Probe  
  113  8:49  Stalker x3  
  113  8:55  Photon Cannon  
  119  8:58  Pylon  
  119  9:01  Sentry x2  
  123  9:09  Dark Templar x2  
  123  9:21  Pylon  
  123  9:23  Pylon  
  123  9:31  Robotics Bay  
  123  9:32  Robotics Facility  
  123  9:38  Probe  
  123  9:42  Probe  
  125  9:46  Dark Templar x3  
  125  9:48  Dark Templar  
  125  9:52  Charge (Chrono Boost)  
  133  9:56  Nexus  
  133  10:03  Dark Templar  
  133  10:12  Pylon  
  131  10:28  Disruptor x2  
  137  10:37  Zealot x6  
  137  10:40  Probe x2, Photon Cannon  
  137  10:41  Shield Battery, Probe  
  152  10:47  Photon Cannon  
  152  10:48  Photon Cannon  
  126  11:06  Nexus  
  126  11:07  Pylon, Dark Templar x5  
  126  11:08  Dark Templar  
  132  11:26  Disruptor (Chrono Boost)  
  132  11:27  Disruptor (Chrono Boost)  
  132  11:32  Pylon, Gateway  
  138  11:33  Gateway, Nexus  
  138  11:51  Stalker x5  
  138  11:52  Stalker  
  130  11:57  Disruptor x2  
  119  12:15  Stalker x6  
  125  12:23  Photon Cannon  
  125  12:25  Shield Battery, Photon Cannon  
  122  12:30  Dark Templar x2  
  125  12:38  Zealot x6  
  125  12:41  Probe x3  
  125  12:43  Observer (Chrono Boost)  
  144  12:49  Disruptor (Chrono Boost)  
  127  13:04  Dark Templar x2  
  123  13:06  Zealot x6  
  104  13:26  Stalker x6  
  93  13:31  Observer  
  82  13:43  Shield Battery  
  82  13:44  Stalker x2  
  86  13:49  Stalker x6  
  98  13:58  Probe  
  98  13:59  Probe  
  98  14:02  Stalker  
  102  14:07  Dark Templar x2  
  73  14:11  Stalker  
Show
View Real Time Build Order
Export as new Build Order

Probe Protoss - Winner!

Build Orders: Oracle Opening 

Get SALT Encoding   

  12  0:00  Probe  
  13  0:12  Probe  
  14  0:16  Pylon  
  14  0:24  Probe (Chrono Boost)  
  16  0:36  Probe (Chrono Boost)  
  16  0:39  Gateway  
  16  0:43  Probe (Chrono Boost)  
  16  0:45  Assimilator  
  17  0:51  Probe  
  17  0:57  Assimilator  
  18  1:03  Probe (Chrono Boost)  
  19  1:07  Gateway  
  19  1:13  Probe (Chrono Boost)  
  19  1:17  Probe (Chrono Boost)  
  21  1:26  Cybernetics Core  
  21  1:29  Probe  
  22  1:37  Pylon  
  22  1:41  Probe  
  23  1:55  Probe  
  24  2:02  Stalker x2  
  24  2:03  Warp Gate  
  24  2:07  Probe  
  29  2:12  Pylon  
  29  2:19  Probe  
  30  2:28  Stargate  
  30  2:38  Stalker  
  32  2:46  Stalker  
  34  2:56  Pylon  
  34  2:59  Shield Battery  
  34  3:11  Oracle (Chrono Boost)  
  37  3:25  Nexus  
  36  3:34  Shield Battery  
  36  3:39  Oracle (Chrono Boost)  
  39  3:50  Shield Battery  
  39  3:56  Stalker  
  39  4:01  Stalker  
  43  4:06  Probe  
  43  4:09  Pylon  
  44  4:18  Probe  
  44  4:22  Twilight Council  
  45  4:30  Probe  
  46  4:32  Shield Battery  
  46  4:38  Probe  
  47  4:42  Probe  
  48  4:50  Probe  
  49  4:54  Probe  
  49  4:55  Blink (Chrono Boost)  
  50  5:02  Probe  
  50  5:06  Probe  
  52  5:09  Gateway  
  52  5:13  Stalker  
  54  5:14  Probe  
  54  5:18  Probe  
  56  5:26  Probe  
  57  5:28  Stalker  
  57  5:31  Probe  
  60  5:38  Probe  
  60  5:39  Stalker  
  63  5:43  Probe  
  63  5:46  Assimilator  
  64  5:51  Probe  
  64  5:52  Forge  
  64  5:55  Pylon, Stalker  
  64  5:56  Probe  
  68  6:04  Stalker  
  68  6:08  Pylon  
  68  6:09  Robotics Facility  
  70  6:13  Gateway  
  70  6:14  Probe  
  71  6:22  Stalker  
  71  6:23  Protoss Ground Weapons Level 1 (Chrono Boost)  
  71  6:24  Pylon  
  73  6:41  Stalker x2  
  73  6:42  Probe  
  78  6:47  Probe  
  79  6:54  Sentry, Probe  
  79  6:57  Nexus  
  79  6:59  Probe, Observer  
  79  7:01  Pylon  
  84  7:10  Gateway  
  84  7:12  Gateway  
  84  7:13  Probe  
  85  7:17  Stalker  
  85  7:18  Stalker  
  89  7:24  Shield Battery  
  89  7:28  Stalker  
  91  7:32  Stalker  
  91  7:36  Charge (Chrono Boost)  
  93  7:37  Pylon  
  93  7:38  Probe x2  
  95  7:50  Probe x2  
  94  8:02  Stalker x3, Probe x2  
  102  8:10  Probe  
  102  8:12  Stalker x2  
  107  8:14  Probe, Shield Battery  
  107  8:18  Protoss Ground Weapons Level 2 (Chrono Boost), Probe  
  107  8:19  Shield Battery  
  108  8:20  Observer  
  108  8:26  Probe  
  110  8:40  Gateway  
  110  8:41  Gateway  
  110  8:42  Assimilator  
  110  8:55  Warp Prism  
  110  9:00  Nexus  
  110  9:02  Pylon  
  112  9:11  Stalker  
  112  9:12  Stalker x3, Zealot x2  
  124  9:18  Pylon  
  124  9:20  Pylon  
  124  9:37  Pylon  
  124  9:38  Pylon, Observer (Chrono Boost)  
  125  9:40  Stalker x3  
  125  9:41  Stalker, Photon Cannon  
  125  9:45  Zealot x2  
  137  9:47  Zealot  
  137  9:48  Zealot  
  137  9:52  Photon Cannon  
  141  9:59  Pylon  
  141  10:09  Templar Archives  
  141  10:11  Zealot  
  141  10:12  Zealot x4  
  151  10:19  Probe x2  
  153  10:25  Probe x2  
  155  10:32  Probe  
  155  10:33  Probe, Robotics Bay  
  157  10:36  Robotics Facility  
  157  10:37  Probe  
  157  10:38  Probe  
  157  10:40  Observer  
  160  10:43  Zealot x5  
  160  10:44  Zealot  
  160  10:47  Probe  
  160  10:49  Probe  
  174  10:54  Probe  
  174  10:57  Probe  
  176  10:59  Probe  
  177  11:07  Zealot x5  
  185  11:21  Protoss Ground Weapons Level 3 (Chrono Boost)  
  185  11:23  High Templar x3  
  187  11:28  Pylon  
  187  11:29  Assimilator  
  187  11:30  Assimilator, Pylon, Photon Cannon  
  187  11:33  Pylon, Shield Battery  
  187  11:34  Photon Cannon  
  187  11:35  Photon Cannon  
  187  11:36  Archon, Photon Cannon  
  186  11:53  Zealot, High Templar  
  186  11:54  Zealot x3  
  192  12:02  Pylon  
  192  12:03  Pylon  
  192  12:04  Pylon x2  
  192  12:06  Pylon  
  161  12:17  Zealot x7  
  165  12:23  Archon  
  165  12:25  Probe, Disruptor  
  157  12:39  Stalker x3, High Templar x2  
  157  12:40  Stalker  
  157  12:44  Archon  
  163  12:48  Nexus  
  149  12:53  Zealot x2  
  147  13:00  Disruptor  
  148  13:06  Zealot x4  
  148  13:08  Probe  
  136  13:17  Stalker x4  
  136  13:18  Probe  
  124  13:28  Probe x2  
  124  13:33  Observer  
  118  13:36  Disruptor  
  118  13:41  Stalker x6  
  115  13:44  Probe x2  
  115  13:47  Pylon  
  127  13:56  Probe  
  127  13:57  Probe  
  127  14:01  Stalker x2  
Tags
 
Add a new tag
Caveats
  • Supply blocks, unpowered buildings, or Contaminate may cause inaccurate times.
  • Supply counts are checked every 10 seconds.